 Dungeon Crawl Stone Soup version 0.28-a0-465-ge2dae52223 (webtiles) character file.

Game seed: 12350952899494063456

323165 meatgazer the Warrior (level 20, -4/195 HPs)
             Began as a Minotaur Berserker on Sept 14, 2021.
             Was a High Priest of Trog.
             Slain by a jumping spider (11 damage)
             ... on level 3 of the Vaults.
             The game lasted 02:06:02 (47072 turns).

meatgazer the Warrior (Minotaur Berserker)         Turns: 47072, Time: 02:06:03

Health: -4/195     AC: 28    Str: 36    XL:     20   Next: 68%
Magic:  19/19      EV: 10    Int:  7    God:    Trog [*****.]
Gold:   2097       SH:  0    Dex: 18    Spells: 19/19 levels left

rFire   . . .      SeeInvis +   R - +8 war axe of the Beast {freeze, rCorr Str-4 Int+3}
rCold   + . .      Faith    .   I - +3 warlock's mirror {reflect}
rNeg    . . .      Spirit   .   H - +7 scale mail "Myaf" {rC+}
rPois   +          Reflect  +   O - +1 hat
rElec   +          Harm     .   k - +2 cloak
rCorr   +          Rampage  .   L - +2 pair of gloves
Will    +++..                   w - +0 pair of boots "Kaps" {rElec Str+7}
Stlth   ..........              Z - amulet "Ynecomnu" {rPois Regen+ Slay+2}
HPRegen 2.42/turn               o - +6 ring of strength
MPRegen 0.16/turn               X - ring of Fatigue {rCorr Str+4}

@: confused, ambrosia-drunk, strong-willed, frozen, held, regenerating, very
slow
A: horns 2, retaliatory headbutt, large bone plates 1, see invisible, sense
surroundings 1, poison resistance, wild magic 1
}: 2/15 runes: decaying, gossamer
a: Renounce Religion, Berserk, Trog's Hand, Brothers in Arms


You were on level 3 of the Vaults.
You worshipped Trog.
Trog was extremely pleased with you.
You visited 7 branches of the dungeon, and saw 36 of its levels.
You also visited: Trove, Gauntlet and Ice Cave.

You collected 3171 gold pieces.
You spent 1074 gold pieces at shops.

Inventory:

Hand Weapons
 z - the +0 hand crossbow "Uhogi" {venom, Dex+3}
   (You found it on level 4 of the Lair of Beasts)

   Any ammunition fired from it poisons the flesh of those it strikes.
   Dex:       It affects your dexterity (+3).
 C - the +7 battleaxe of the Curious Nights {vorpal, rC+ rCorr}
   (Trog gifted it to you on level 2 of the Swamp)

   It inflicts extra damage upon your enemies.
   rC:        It protects you from cold.
   rCorr:     It protects you from acid and corrosion.
 G - the +7 war axe of Dishonesty {vorpal, rN+++ rCorr Int-3}
   (You found it on level 3 of the Lair of Beasts)

   It inflicts extra damage upon your enemies.
   Int:       It affects your intelligence (-3).
   rN:        It renders you almost immune to negative energy.
   rCorr:     It protects you from acid and corrosion.
 R - the +8 war axe of the Beast (weapon) {freeze, rCorr Str-4 Int+3}
   (You found it on level 12 of the Dungeon)

   It freezes those it strikes, dealing additional cold damage.
   It can also slow down cold-blooded creatures.
   Str:       It affects your strength (-4).
   Int:       It affects your intelligence (+3).
   rCorr:     It protects you from acid and corrosion.
 W - a +4 battleaxe of flaming
Missiles
 e - 1069 bolts
 f - 1209 stones (quivered)
Armour
 k - a +2 cloak (worn)
 w - the +0 pair of boots "Kaps" (worn) {rElec Str+7}
   (You found it on level 4 of the Spider Nest)

   Str:       It affects your strength (+7).
   rElec:     It insulates you from electricity.
 H - the +7 scale mail "Myaf" (worn) {rC+}
   (You found it on level 3 of the Lair of Beasts)

   rC:        It protects you from cold.
 I - the +3 warlock's mirror (worn) {reflect}
   (You bought it in a shop on level 2 of the Orcish Mines)

   It can block and reflect piercing ranged attacks and magical attacks against
   the wielder's willpower.
 L - a +2 pair of gloves (worn)
 O - a +1 hat (worn)
 U - the +6 scale mail "Uzijac" {+Blink rCorr SInv}
   (You found it on level 1 of the Vaults)

   SInv:      It lets you see invisible.
   +Blink:    It lets you blink.
   rCorr:     It protects you from acid and corrosion.
Jewellery
 o - a +6 ring of strength (left hand)
 F - a ring of fire
 T - a +4 ring of evasion
 X - the ring of Fatigue (right hand) {rCorr Str+4}
   (You found it in a treasure trove)

   [ring of resist corrosion]

   Str:       It affects your strength (+4).
   rCorr:     It protects you from acid and corrosion.
 Z - the amulet "Ynecomnu" (around neck) {rPois Regen+ Slay+2}
   (You found it in a treasure trove)

   [amulet of regeneration]

   Slay:      It affects your accuracy & damage with ranged weapons and melee
   (+2).
   rPois:     It protects you from poison.
   Regen:     It increases your rate of health regeneration.
Wands
 i - a wand of polymorph (4)
 j - a wand of flame (57)
 l - a wand of digging (28)
 m - a wand of mindburst (21)
 r - a wand of charming (20)
 K - a wand of acid (22)
 M - a wand of iceblast (11)
Scrolls
 d - 2 scrolls of silence
 n - 5 scrolls of fear
 p - 4 scrolls of fog
 s - a scroll of immolation
 t - 2 scrolls of enchant weapon
 x - 2 scrolls of enchant armour
 y - 14 scrolls of teleportation
 B - a scroll of magic mapping
 D - a scroll of brand weapon
 N - 20 scrolls of identify
 S - a scroll of holy word
Potions
 a - 2 potions of invisibility
 b - 3 potions of might
 c - 13 potions of curing
 g - 8 potions of haste
 h - 5 potions of ambrosia
 q - 3 potions of magic
 A - 2 potions of flight
 J - 6 potions of cancellation
 Q - a potion of resistance
Miscellaneous
 u - a phial of floods
 E - a tin of tremorstones (2/2)
 P - a condenser vane
 V - a box of beasts (inert)


   Skills:
 + Level 20.6 Fighting
 - Level 20.0 Axes
 + Level 17.1 Crossbows
 + Level 18.5 Armour
 + Level 12.8 Dodging
 - Level 4.0 Shields
 + Level 14.7 Evocations


You had 19 spell levels left.
You didn't know any spells.
Your spell library was empty.

Dungeon Overview and Level Annotations

Branches:
Dungeon (15/15)            Temple (0/1) D:5            Lair (6/6) D:10
  Swamp (4/4) Lair:2       Spider (4/4) Lair:2        Slime (0/5) Lair:6
    Orc (2/2) D:12            Elf (1/3) Orc:2        Vaults (4/5) D:13
  Crypt (0/3) Vaults:3      IceCv (visited)         Gauntlet (visited)
 Depths: D:15

Altars:
Ashenzari
Cheibriados
Fedhas
Gozag
Kikubaaqudgha
Okawaru
Qazlal
Ru
Uskayaw
Xom
Yredelemnul
Zin

Shops:
D:7 ?   Orc:1 !   Orc:2 [?[==   Vaults:1 !   Vaults:3 =

Annotations:
Lair:5 2 transporters, Bihe's ghost, journeyman HuBe
Vaults:4 Sojobo


Innate Abilities, Weirdness & Mutations

You have a pair of horns on your head.
You reflexively headbutt those who attack you in melee.
You are partially covered in large bone plates. (SH +4)
You have supernaturally acute eyesight. (SInv)
You passively map a small area around you.
Your system is resistant to poisons. (rPois)
Your spells are a little harder to cast, but a little more powerful.


Message History

Your tin of tremorstones (2/2) has regained one charge.
The ironbound convoker hits your iron troll with a +0 dire flail!
The ironbound frostheart calls freezing cold from the walls.
The frost grips you!! You partially resist.
* * * LOW HITPOINT WARNING * * *
You are encased in ice.
The frost grips your iron troll!
Your iron troll partially resists.
The frost grips your deep troll!!! The frost grips your troll!!
The jumping spider closely misses you. You block the jumping spider's attack.
Your skin crawls.
You feel strong-willed. The jumping spider pounces on you.
* * * LOW HITPOINT WARNING * * *
You are caught in a web!
The jumping spider closely misses you.
The ironbound frostheart calls freezing cold from the walls.
The frost grips you! You partially resist.
* * * LOW HITPOINT WARNING * * *
The frost grips your iron troll!
Your iron troll partially resists.
The frost grips your deep troll!!! The frost grips your troll!!
The jumping spider misses you. You furiously retaliate!
You headbutt the jumping spider!!
The jumping spider bites you but does no damage.
The ironbound convoker points at the ironbound frostheart and mumbles some strange words.
The ironbound frostheart seems to grow stronger.
Unknown command.
You are confused.
You feel invigorated.
Your troll closely misses the ironbound beastmaster.
Your troll barely misses the ironbound beastmaster.
Your troll misses the ironbound beastmaster.
The ironbound frostheart touches your iron troll!
The ironbound frostheart freezes your iron troll!
Your iron troll resists.
Your iron troll bites the ironbound frostheart!!
Your iron troll claws the ironbound frostheart but does no damage.
Your iron troll claws the ironbound frostheart!
The jumping spider pounces on you!
You die...

#.....##..))#############
#......##.))))...........
#...^...##†)#)#######....
#.....#....)#.#.....#8...
#....##.)..†#.#.....#....
#...##......#.#..>..+....
#..##.)##...#.#.....#....
#.##...s##..#.#.....#8...
###.....@##.'.#######....
##..##....###............
#....##....##############
#.....##...)#...........
#......##.>TTpH.........
#.......##.O#Tp.........
#############.p.........,
#...........
#...........,


You could see an ironbound frostheart (strong, ally target), an ironbound
beastmaster, an ironbound convoker (ally target), a jumping spider, a friendly
iron troll (summoned, berserk), a friendly two-headed ogre (summoned, berserk),
a friendly deep troll (summoned, berserk) and a friendly troll (summoned,
berserk).

Vanquished Creatures
  Mennas (Vaults:3)
  Bai Suzhen (Vaults:3)
  Saint Roka (Orc:2)
  Jory (Vaults:3)
  Arachne (Spider:3)
  Nikola (Spider:1)
  The ghost of Dosmip the Marksminotaur, an adept MiBe of Trog (Spider:4)
  An ancient champion (Vaults:3)
  Frances (Swamp:2)
  4 thorn hunters
  A tengu reaver (Vaults:3)
  Kirke (Swamp:3)
  A fenstrider witch (Swamp:4)
  Roxanne (Spider:1)
  An azure jelly (IceCv)
  A frost giant (Vaults:3)
  Aizul (Swamp:2)
  15 vault wardens
  Louise (D:14)
  4 ghost moths (Spider:4)
  A curse skull (Vaults:3)
  4 emperor scorpions
  13 ironbound preservers
  A quicksilver ooze (IceCv)
  2 vampire knights (Swamp:4)
  4 bunyips
  A dire elephant (Gauntlet)
  7 entropy weavers
  A deep elf annihilator (Vaults:2)
  3 spark wasps
  The ghost of Veysay the Thaumaturge, a journeyman DjWz of Dithmenos (Lair:3)
  A minotaur (Gauntlet)
  An eleionoma (Swamp:2)
  A crystal guardian (Vaults:3)
  3 shambling mangroves
  A great orb of eyes (Vaults:3)
  3 ironbound thunderhulks
  19 hydras
  2 yaktaur captains
  4 vault guards
  A peacekeeper (Vaults:3)
  A merfolk avatar (Lair:6)
  7 boulder beetles
  An alligator (shapeshifter) (Vaults:1)
  2 ogre magi (Orc:2)
  A death knight (D:14)
  8 two-headed ogres
  7 ironbound frosthearts
  5 alligators
  10 centaur warriors
  8 dancing weapons
  4 death yaks (Lair:6)
  Urug (Lair:6)
  2 ironbound beastmasters (Vaults:1)
  Sonja (Lair:6)
  A sixfirhy (Gauntlet)
  4 skeletal warriors
  8 goliath frogs
  39 deep trolls
  2 bog bodies
  2 flayed ghosts (Swamp:4)
  4 swamp dragons
  A phantasmal warrior (D:14)
  9 wizards
  3 spectral hydras (Swamp:4)
  7 spriggan druids
  7 harpies
  12 ironbound convokers
  6 lindwurms (Vaults:1)
  2 necromancers (Vaults:1)
  28 wolf spiders
  An orc knight (Orc:1)
  4 manticores
  3 oklob plants (Swamp:4)
  20 orb spiders
  2 cyclopes (D:12)
  2 orc sorcerers
  2 will-o-the-wisps (Swamp:4)
  26 ugly things
  40 slime creatures
  A moth of wrath (Spider:3)
  A centaur zombie (D:11)
  10 elephants
  An ice statue (IceCv)
  7 black mambas
  A torpor snail (Spider:2)
  2 gargoyles
  16 vault sentinels
  14 cane toads
  A kobold demonologist (D:14)
  7 rime drakes
  35 yaktaurs
  2 unseen horrors
  3 entropy weaver simulacra (IceCv)
  A freezing wraith (Swamp:4)
  10 komodo dragons
  5 demonic crawlers
  34 jumping spiders
  2 death drake zombies (Swamp:4)
  3 trolls
  A hydra zombie (Swamp:4)
  8 polar bears
  6 tyrant leeches
  4 hydra skeletons (Swamp:4)
  2 wind drakes (Lair:6)
  A human skeleton (Vaults:1)
  20 hornets
  Prince Ribbit (D:5)
  10 blink frogs
  A meliai zombie (D:10)
  7 dream sheep (Lair:6)
  A vampire (D:11)
  Sigmund (D:2)
  8 spriggans
  4 wyverns
  80 redbacks
  47 yaks
  43 tarantellas
  7 wraiths
  4 fire bats (D:12)
  8 basilisks
  An elf simulacrum (Vaults:1)
  Edmund (D:5)
  A steam dragon (D:8)
  12 vampire mosquitoes
  2 demonic crawler simulacra (IceCv)
  2 acid dragons
  10 swamp worms
  6 wargs
  A hell hound (D:12)
  18 water moccasins
  2 hydra simulacra (Swamp:4)
  Duvessa (D:4)
  19 orc warriors
  3 black bears
  An ice beast (D:7)
  4 swamp drakes
  2 sky beasts
  4 ugly thing simulacra (IceCv)
  16 ogres
  2 swamp dragon skeletons (Swamp:4)
  12 wolves
  2 swamp dragon zombies (Swamp:4)
  A necrophage (D:7)
  13 centaurs
  A phantom (D:5)
  A kobold brigand (D:7)
  9 bullfrogs
  9 scorpions
  2 wyvern zombies
  Dowan (D:4)
  4 glowing shapeshifter simulacra
  6 killer bees (D:10)
  9 howler monkeys
  5 electric eels
  2 lava snakes (D:12)
  2 centaur skeletons
  3 jellies
  8 orc priests
  Crazy Yiuf (D:2)
  2 hounds (D:5)
  A bullfrog skeleton (D:5)
  An iron imp (D:6)
  Terence (D:3)
  Natasha (thrice) (D:4)
  3 iguanas
  25 orc wizards
  A killer bee zombie (D:7)
  A hound skeleton (D:2)
  A howler monkey zombie (D:6)
  Robin (D:3)
  17 gnolls (D:5)
  7 adders
  3 river rats (D:5)
  A shadow imp (D:7)
  3 ufetubi (Gauntlet)
  3 worms
  3 dart slugs
  90 orcs
  8 ball pythons
  5 bats
  5 endoplasms
  4 giant cockroaches
  21 goblins
  10 hobgoblins
  18 jackals
  8 quokkas
  2 frilled lizards (D:2)
  16 kobolds
  6 rats
  10 briar patches
  2 bushes (D:10)
  2 fire vortices (D:12)
  A toadstool (Swamp:1)
1311 creatures vanquished.

Vanquished Creatures (collateral kills)
  An emperor scorpion (Spider:4)
  A quicksilver ooze (IceCv)
  2 vault guards (Vaults:3)
  An ironbound frostheart (Vaults:3)
  2 hydras (Swamp:4)
  An ironbound thunderhulk (Vaults:3)
  2 ogre magi (Orc:2)
  11 two-headed ogres (Orc:2)
  A goliath frog (Swamp:3)
  3 wolf spiders
  A yaktaur zombie (Vaults:1)
  An elf zombie (Vaults:1)
  3 demonic crawlers (Spider:4)
  An entropy weaver simulacrum (IceCv)
  2 tyrant leeches (Swamp:3)
  5 slime creatures (IceCv)
  3 redbacks (Spider:4)
  A tarantella (Spider:4)
  3 hogs (Swamp:3)
  A swamp worm (Swamp:3)
  12 ogres (Orc:2)
58 creatures vanquished.

Vanquished Creatures (others)
  A spectral hydra (Swamp:4)
  3 entropy weaver simulacra (IceCv)
  A yak (Lair:6)
  A briar patch (Swamp:4)
  16 foxfires (Swamp:4)
  34 fungi
  109 plants
  7 toadstools (Swamp:1)
172 creatures vanquished.

Grand Total: 1541 creatures vanquished

Notes
Turn   | Place    | Note
-------+----------+-------------------------------------------
     0 | D:1      | meatgazer the Minotaur Berserker began the quest for the
                  | Orb.
     0 | D:1      | Reached XP level 1. HP: 19/19 MP: 0/0
   178 | D:1      | Reached XP level 2. HP: 27/27 MP: 1/1
   293 | D:1      | Found a faded altar of an unknown god.
   776 | D:2      | Reached XP level 3. HP: 30/34 MP: 2/2
  1181 | D:2      | Reached ** piety under Trog
  1558 | D:2      | Noticed Sigmund
  1567 | D:2      | Killed Sigmund
  1568 | D:2      | Reached XP level 4. HP: 26/44 MP: 3/3
  1568 | D:2      | Reached XP level 5. HP: 29/50 MP: 4/4
  1932 | D:2      | Found a runed translucent door.
  1933 | D:2      | Noticed Crazy Yiuf
  1939 | D:2      | Killed Crazy Yiuf
  2439 | D:3      | Reached XP level 6. HP: 57/57 MP: 5/5
  2640 | D:3      | Found a sacrificial altar of Ru.
  2968 | D:3      | Noticed Terence
  2976 | D:3      | Killed Terence
  3103 | D:3      | Noticed Robin
  3115 | D:3      | Killed Robin
  3827 | D:4      | Reached *** piety under Trog
  3839 | D:4      | Noticed Natasha
  3847 | D:4      | Killed Natasha
  3904 | D:4      | Found a stormy altar of Qazlal.
  3922 | D:4      | Noticed Dowan
  3923 | D:4      | Noticed Duvessa
  3928 | D:4      | Killed Duvessa
  3929 | D:4      | Reached XP level 7. HP: 66/66 MP: 6/6
  3938 | D:4      | Killed Dowan
  4045 | D:4      | Found an opulent altar of Gozag.
  4048 | D:4      | Found a hide-covered altar of Uskayaw.
  4052 | D:4      | Found a glowing silver altar of Zin.
  4463 | D:4      | Noticed Natasha
  4467 | D:4      | Killed Natasha
  4666 | D:4      | Noticed Natasha
  4669 | D:4      | Killed Natasha
  4677 | D:4      | Identified the +1 helmet "Vugucren" {Int+3}
  4707 | D:4      | Found a basalt altar of Yredelemnul.
  4846 | D:5      | Entered Level 5 of the Dungeon
  5029 | D:5      | Found a staircase to the Ecumenical Temple.
  5048 | D:5      | Noticed Edmund
  5057 | D:5      | Noticed Prince Ribbit
  5481 | D:5      | Killed Prince Ribbit
  5482 | D:5      | Reached XP level 8. HP: 49/78 MP: 7/7
  5617 | D:5      | Killed Edmund
  5835 | D:5      | Reached **** piety under Trog
  6418 | D:5      | Reached skill level 10 in Fighting
  6418 | D:5      | Reached skill level 10 in Axes
  6428 | D:5      | Reached ***** piety under Trog
  6952 | D:6      | Reached XP level 9. HP: 29/86 MP: 8/8
  7621 | D:6      | Found a snail-covered altar of Cheibriados.
  8393 | D:6      | Reached XP level 10. HP: 94/94 MP: 9/9
  8802 | D:7      | Reached skill level 1 in Evocations
  9104 | D:7      | Found Yluis's Magic Scroll Emporium.
  9181 | D:7      | Bought a scroll of identify for 28 gold pieces
  9181 | D:7      | Bought a scroll of identify for 28 gold pieces
  9797 | D:8      | Reached skill level 1 in Shields
 10321 | D:8      | Gained mutation: Your body sometimes deteriorates upon
                  | taking damage. [potion of mutation]
 10321 | D:8      | Gained mutation: You are agile. (Dex +2) [potion of
                  | mutation]
 10321 | D:8      | Gained mutation: You have hidden genetic potential. [potion
                  | of mutation]
 11063 | D:9      | Found an iron altar of Okawaru.
 11272 | D:9      | Found an ancient bone altar of Kikubaaqudgha.
 11342 | D:10     | Entered Level 10 of the Dungeon
 11655 | D:10     | Received a gift from Trog
 11670 | D:10     | Found a staircase to the Lair.
 11675 | D:10     | Reached XP level 11. HP: 89/104 MP: 10/10
 12121 | D:10     | Reached skill level 5 in Armour
 12155 | D:10     | Noticed a two-headed ogre
 12161 | D:10     | Killed a two-headed ogre
 12524 | D:10     | Gained mutation: You have supernaturally acute eyesight.
                  | (SInv) [hidden potential]
 12938 | D:11     | Found a broken altar of Ashenzari.
 12978 | D:11     | Noticed a six-headed hydra
 12988 | D:11     | Killed a four-headed hydra
 13264 | D:11     | Noticed a boulder beetle
 13268 | D:11     | Killed a boulder beetle
 13637 | D:11     | Noticed a boulder beetle
 13643 | D:11     | Killed a boulder beetle
 14099 | Lair:1   | Entered Level 1 of the Lair of Beasts
 14467 | Lair:1   | Noticed a seven-headed hydra
 14474 | Lair:1   | Killed a five-headed hydra
 14861 | Lair:1   | Reached XP level 12. HP: 113/113 MP: 11/11
 14898 | Lair:1   | Reached skill level 5 in Evocations
 14987 | Lair:1   | Received a gift from Trog
 15589 | Lair:2   | Gained mutation: You possess an exceptional clarity of
                  | mind. [hidden potential]
 15589 | Lair:2   | Lost mutation: You have hidden genetic potential. [hidden
                  | potential expressed]
 15700 | Lair:2   | Found a hole to the Spider Nest.
 15758 | Lair:2   | Noticed a seven-headed hydra
 15768 | Lair:2   | Killed a four-headed hydra
 16622 | Lair:2   | Found a staircase to the Swamp.
 17393 | Lair:3   | Noticed a four-headed hydra
 17396 | Lair:3   | Killed a two-headed hydra
 17404 | Lair:3   | Found a runed translucent door.
 17405 | Lair:3   | Found a shimmering altar of Xom.
 17405 | Lair:3   | Noticed Veysay's ghost (journeyman DjWz)
 17744 | Lair:3   | Killed Veysay's ghost
 17745 | Lair:3   | Reached XP level 13. HP: 103/123 MP: 12/12
 17749 | Lair:3   | Identified the +7 war axe of Dishonesty {vorpal, rN+++
                  | rCorr Int-3}
 17751 | Lair:3   | Identified the +7 scale mail "Myaf" {rC+}
 19159 | Lair:4   | Reached skill level 10 in Armour
 19478 | Lair:4   | Identified the +0 hand crossbow "Uhogi" {venom, Dex+3}
 19818 | Lair:5   | Lost mutation: You possess an exceptional clarity of mind.
                  | [potion of mutation]
 19818 | Lair:5   | Lost mutation: Your body sometimes deteriorates upon taking
                  | damage. [potion of mutation]
 19818 | Lair:5   | Gained mutation: You tend to lose your temper in combat.
                  | [potion of mutation]
 19818 | Lair:5   | Gained mutation: Armour fits poorly on your strangely
                  | shaped body. [potion of mutation]
 19818 | Lair:5   | Gained mutation: You are weak. (Str -2) [potion of
                  | mutation]
 19818 | Lair:5   | Gained mutation: You are partially covered in large bone
                  | plates. (SH +4) [potion of mutation]
 19898 | Lair:5   | Reached skill level 1 in Crossbows
 20564 | Lair:5   | Found a transporter.
 20567 | Lair:5   | Found a transporter.
 20569 | Lair:5   | Noticed Bihe's ghost (journeyman HuBe)
 20900 | Lair:5   | Received a gift from Trog
 21240 | Lair:6   | Entered Level 6 of the Lair of Beasts
 21246 | Lair:6   | Noticed Sonja
 21256 | Lair:6   | Killed Sonja
 21450 | Lair:6   | Noticed Urug
 21462 | Lair:6   | Killed Urug
 21815 | Lair:6   | Reached skill level 15 in Fighting
 21994 | Lair:6   | Reached XP level 14. HP: 67/135 MP: 13/13
 22382 | Lair:6   | Found a staircase to the Slime Pits.
 22615 | Lair:6   | Reached skill level 5 in Crossbows
 24817 | D:12     | Found a gate leading to a gauntlet.
 24829 | Gauntlet | Entered a Gauntlet
 24829 | Gauntlet | Found a transporter.
 24829 | Gauntlet | Found a transporter.
 24841 | Gauntlet | Found a transporter.
 24842 | Gauntlet | Found a transporter.
 24845 | Gauntlet | Found a transporter.
 24846 | Gauntlet | Found a transporter.
 24849 | Gauntlet | Found a runed translucent door.
 24849 | Gauntlet | Found a runed translucent door.
 24852 | Gauntlet | Found a transporter.
 24853 | Gauntlet | Found a transporter.
 24854 | Gauntlet | Found a transporter.
 24856 | Gauntlet | Found a transporter.
 24864 | Gauntlet | Found a transporter.
 24864 | Gauntlet | Found a transporter.
 24901 | Gauntlet | Found a runed translucent door.
 25120 | Gauntlet | Identified the amulet of Ezoul {Spirit Int+4}
 25567 | Gauntlet | Identified the -1 cloak "Dezam" {+Blink}
 25820 | D:12     | Received a gift from Trog
 25928 | D:12     | Found a staircase to the Orcish Mines.
 25988 | Orc:1    | Entered Level 1 of the Orcish Mines
 26011 | Orc:1    | Found Godicen's Distillery.
 26020 | Orc:1    | Bought a potion of mutation for 96 gold pieces
 26020 | Orc:1    | Lost mutation: Armour fits poorly on your strangely shaped
                  | body. [potion of mutation]
 26020 | Orc:1    | Lost mutation: You tend to lose your temper in combat.
                  | [potion of mutation]
 26020 | Orc:1    | Gained mutation: You have hidden genetic potential. [potion
                  | of mutation]
 26020 | Orc:1    | Gained mutation: Potions are less effective at restoring
                  | your health. [potion of mutation]
 26020 | Orc:1    | Gained mutation: Your flesh is heat resistant. (rF+)
                  | [potion of mutation]
 26537 | Orc:2    | Entered Level 2 of the Orcish Mines
 26681 | Orc:2    | Found a frozen archway.
 26690 | IceCv    | Entered an ice cave
 26888 | IceCv    | Noticed a quicksilver ooze
 26894 | IceCv    | Killed a quicksilver ooze
 27662 | IceCv    | Noticed a quicksilver ooze
 27664 | IceCv    | Killed a quicksilver ooze
 27835 | IceCv    | Found a viscous altar of Jiyva.
 27835 | IceCv    | Noticed an azure jelly
 27841 | IceCv    | Killed an azure jelly
 27841 | IceCv    | Received a gift from Trog
 27847 | IceCv    | Reached XP level 15. HP: 137/144 MP: 14/14
 28066 | IceCv    | Reached skill level 10 in Evocations
 28077 | IceCv    | Identified the amulet "Qoippuf" {RegenMP rElec rC+ Int-3
                  | Stlth+}
 28079 | IceCv    | Identified the ring "Cuedecro" {rElec rPois rF+ Int-5}
 28082 | IceCv    | Identified the +0 robe "Peokhluku" {Dex+4}
 28353 | Orc:2    | Found a staircase to the Elven Halls.
 28390 | Orc:2    | Paralysed by an orc sorcerer for 6 turns
 28555 | Orc:2    | Found Eheev's Jewellery Shoppe.
 28555 | Orc:2    | Found Bunuj's Jewellery Shop.
 28558 | Orc:2    | Found Siril's Armour Shop.
 28558 | Orc:2    | Found Ybet's Magic Scroll Emporium.
 28717 | Orc:2    | Noticed Saint Roka
 28718 | Orc:2    | Found Edwo's Armour Shoppe.
 28722 | Orc:2    | Received a gift from Trog
 28730 | Orc:2    | Gained mutation: You expend magic power (3 MP) to
                  | strengthen your wands. [hidden potential]
 28735 | Orc:2    | Killed Saint Roka
 28912 | Orc:2    | Bought the +3 warlock's mirror {reflect} for 520 gold
                  | pieces
 28912 | Orc:2    | Found the +3 warlock's mirror {reflect}
 28912 | Orc:2    | Bought a +2 pair of gloves for 214 gold pieces
 28912 | Orc:2    | Bought a +0 hat for 52 gold pieces
 29540 | D:12     | Identified the +8 war axe of the Beast {freeze, rCorr Str-4
                  | Int+3}
 30825 | D:13     | Found a portal to a secret trove of treasure.
 30828 | D:13     | You paid a toll of 4 scrolls of blinking to enter a
                  | treasure trove
 30829 | Trove    | Entered a treasure trove
 30833 | Trove    | Identified the ring of Fatigue {rCorr Str+4}
 30835 | Trove    | Identified the ring of Tene {*Corrode rC++ rN+ MP+9 Int-4}
 30837 | Trove    | Identified the amulet "Ynecomnu" {rPois Regen+ Slay+2}
 30839 | Trove    | Identified the ring "Ywneg" {rCorr Int+7 Stlth-}
 30842 | Trove    | Identified the ring "Qamoifotz" {Ice rElec Will+ rCorr
                  | Str-4}
 30859 | Trove    | Identified the amulet of Kikubaaqudgha's Esteem {rC+
                  | Regen+}
 31070 | D:13     | Found a gate to the Vaults.
 31217 | D:14     | Noticed Louise
 31236 | D:14     | Killed Louise
 31508 | D:14     | Reached XP level 16. HP: 115/155 MP: 15/15
 31518 | D:15     | Entered Level 15 of the Dungeon
 31889 | Spider:1 | Entered Level 1 of the Spider Nest
 31985 | Spider:1 | Noticed Nikola
 31992 | Spider:1 | Killed Nikola
 32445 | Spider:1 | Identified Roxanne's Disquisition on the Rocks
 32445 | Spider:1 | Noticed Roxanne
 32464 | Spider:1 | Killed Roxanne
 32581 | Spider:1 | Received a gift from Trog
 32936 | Spider:1 | Reached skill level 5 in Dodging
 32955 | Spider:1 | Gained mutation: Your system is resistant to poisons.
                  | (rPois) [hidden potential]
 32955 | Spider:1 | Lost mutation: You have hidden genetic potential. [hidden
                  | potential expressed]
 33966 | Spider:2 | Identified a scroll of acquirement
 33973 | Spider:2 | Acquired a manual of Crossbows
 34378 | Spider:3 | Reached skill level 15 in Armour
 34588 | Spider:3 | Reached skill level 10 in Crossbows
 34864 | Spider:3 | Found a runed translucent door.
 35526 | Spider:3 | Identified the +1 ring mail "Zuta" {rElec}
 35801 | Spider:4 | Entered Level 4 of the Spider Nest
 35813 | Spider:4 | Noticed Arachne
 35816 | Spider:4 | Reached XP level 17. HP: 163/163 MP: 16/16
 35833 | Spider:3 | Killed Arachne
 37067 | Spider:4 | Received a gift from Trog
 37106 | Spider:4 | Found a runed translucent gate.
 37107 | Spider:4 | Found a runed translucent gate.
 37111 | Spider:4 | Noticed Dosmip's ghost (adept MiBe)
 37142 | Spider:4 | Found a runed translucent gate.
 37352 | Spider:4 | Got a gossamer rune of Zot
 37529 | Spider:4 | Killed Dosmip's ghost
 37541 | Spider:4 | Identified the +0 pair of boots "Kaps" {rElec Str+7}
 37833 | Swamp:1  | Entered Level 1 of the Swamp
 38392 | Swamp:2  | Noticed Frances
 38399 | Swamp:2  | Identified the +7 battleaxe of the Curious Nights {vorpal,
                  | rC+ rCorr} (Trog gifted it to you on level 2 of the Swamp)
 38399 | Swamp:2  | Received a gift from Trog
 38400 | Swamp:2  | Reached XP level 18. HP: 173/173 MP: 17/17
 38411 | Swamp:2  | Killed Frances
 38791 | Swamp:2  | Noticed Aizul
 38809 | Swamp:2  | Killed Aizul
 39039 | Swamp:3  | Noticed Kirke
 39053 | Swamp:3  | Killed Kirke
 39341 | Swamp:4  | Entered Level 4 of the Swamp
 39759 | Swamp:4  | Found a blossoming altar of Fedhas.
 39860 | Swamp:4  | Found a basalt altar of Yredelemnul.
 40745 | Swamp:4  | Got a decaying rune of Zot
 41302 | Elf:1    | Entered Level 1 of the Elven Halls
 41460 | Vaults:1 | Entered Level 1 of the Vaults
 41541 | Vaults:1 | Reached skill level 10 in Dodging
 42319 | Vaults:1 | Identified the +6 scale mail "Uzijac" {+Blink rCorr SInv}
 42357 | Vaults:1 | Reached XP level 19. HP: 183/183 MP: 18/18
 42502 | Vaults:1 | Found Yhantat's Distillery.
 42513 | Vaults:1 | Bought a potion of mutation for 136 gold pieces
 42513 | Vaults:1 | Lost mutation: You are agile. (Dex +2) [potion of mutation]
 42513 | Vaults:1 | Lost mutation: Your flesh is heat resistant. (rF+) [potion
                  | of mutation]
 42513 | Vaults:1 | Lost mutation: You are weak. (Str -2) [potion of mutation]
 42513 | Vaults:1 | Gained mutation: Your mind is acute. (Int +2) [potion of
                  | mutation]
 42514 | Vaults:1 | Lost mutation: Your mind is acute. (Int +2) [potion of
                  | mutation]
 42514 | Vaults:1 | Lost mutation: You expend magic power (3 MP) to strengthen
                  | your wands. [potion of mutation]
 42514 | Vaults:1 | Lost mutation: Potions are less effective at restoring your
                  | health. [potion of mutation]
 42514 | Vaults:1 | Gained mutation: You passively map a small area around you.
                  | [potion of mutation]
 42514 | Vaults:1 | Gained mutation: Your spells are a little harder to cast,
                  | but a little more powerful. [potion of mutation]
 42840 | Vaults:1 | Reached skill level 15 in Crossbows
 44266 | Vaults:2 | Received a gift from Trog
 45096 | Vaults:2 | Received a gift from Trog
 45966 | Vaults:3 | Found Riam Fot's Jewellery Emporium.
 46088 | Vaults:3 | Reached ****** piety under Trog
 46285 | Vaults:3 | Received a gift from Trog
 46294 | Vaults:3 | Reached XP level 20. HP: 193/193 MP: 19/19
 46466 | Vaults:3 | Found a staircase to the Crypt.
 46715 | Vaults:3 | Received a gift from Trog
 46736 | Vaults:3 | Noticed Bai Suzhen
 46750 | Vaults:3 | Killed Bai Suzhen
 46831 | Vaults:3 | Noticed Mennas
 46860 | Vaults:3 | Noticed Jory
 46869 | Vaults:3 | You fall into a shaft and drop 1 floor!
 47020 | Vaults:4 | Noticed Sojobo
 47064 | Vaults:3 | Killed Jory
 47068 | Vaults:3 | Killed Mennas
 47071 | Vaults:3 | HP: 2/195 [ironbound frostheart/creeping frost (13)]
 47072 | Vaults:3 | Slain by a jumping spider

Illustrated notes

Levels and vault maps discovered:
D:1:      lemuel_arrival_cross, layout_basic,
          dreamdust_ecumenical_altar_angels_and_demons
D:2:      wander_river, layout_loops_ring, serial_park_tiny_1,
          uniq_crazy_yiuf_cottage, uniq_sigmund
D:3:      kennysheep_goblin_castle, layout_loops_ring,
          nicolae_ru_sacrificial_ziggurat, uniq_terence
D:4:      layout_basic, old_standard_altar, grunt_temple_overflow_diamond,
          mainiacjoe_overflow_24_doors, hex_tiny, hangedman_feature_mirror,
          uniq_natasha, uniq_duvessa
D:5:      lemuel_castle_with_subvaults [lemuel_castle_interior_carwin_1],
          layout_cave_pods, minmay_temple_entry_statues_fountains,
          portal_sewer_entry_e, uniq_edmund, uniq_prince_ribbit1
D:6:      layout_loops_ring, slow_altar_1
D:7:      layout_basic, serial_shops, shop_statue
D:8:      layout_cave_pools, nicolae_water_bricks
D:9:      layout_irregular_city, lemuel_crystal_altar,
          mainiacjoe_overflow_brackets
D:10:     layout_small_grid, minmay_lair_entry_grove,
          minmay_misc_feat_more_columns
D:11:     layout_loops_ring, ashenzari_conservatory_becter
D:12:     layout_basic, erik_orc_1, gauntlet_entry_generic,
          minmay_misc_feat_secret_circle, hangedman_incinerator
D:13:     layout_roguey, david_vaults_2, trove_entry_hex_spiral
D:14:     layout_cave_pools, minmay_misc_feat_room, uniq_louise
D:15:     grunt_enter_depths_magical_seal, layout_basic, kennysheep_flooded_box
Lair:1:   layout_cave_pods, minivault_24, beast_lair_carwin_7
Lair:2:   layout_cave_pods, nicolae_swamp_entry_splash_gauntlet,
          nicolae_spider_entry_non_spiders
Lair:3:   layout_loops_ring, ebering_ghost_xom
Lair:4:   layout_hall_layers, minivault_19, grunt_megastairs_5
Lair:5:   layout_cave_pods, gammafunk_ghost_hive, lemuel_fruit_tree
Lair:6:   gammafunk_lair_ancient_temple, layout_layer_cave,
          nicolae_slime_entry_slimehenge, uniq_sonja, uniq_urug
Swamp:1:  cheibrodos_swamp_tower_of_moss, layout_falls_marsh,
          infiniplex_staircase_pool
Swamp:2:  layout_basic_swamp, nicolae_swamp_some_circles, uniq_aizul,
          uniq_frances
Swamp:3:  layout_falls_marsh, evilmike_swamp_ruin_house_2, swamp_pool3,
          uniq_kirke
Swamp:4:  byrel_swamp_growth_death_and_undeath, layout_basic_swamp
Spider:1: layout_spider_delve, hangedman_spider_tarantella_strand, uniq_roxanne,
          uniq_nikola
Spider:2: layout_spider_delve
Spider:3: cheibrodos_spider_deadly_dance
Spider:4: grunt_spider_rune_parallel, gammafunk_ghost_tricky_traps, uniq_arachne
Orc:1:    layout_caves, serial_shops, nicolae_square_shop, mines4_lemuel
Orc:2:    st_orc_ogre_mass, layout_diamond_mine,
          portal_ice_cave_entry_pillars_2, serial_shops,
          nicolae_shop_temple_entry_statues_fountains, uniq_saint_roka
Elf:1:    eino_elf_arrival_customs, layout_gridlike,
          portal_desolation_entry_ruin, mu_enter_wizlab_3, serial_shops, shop,
          hangedman_elf_represent
Vaults:1: nicolae_vaults_network_quinsquares
          [nicolae_vaults_network_quincunx_subvault,
          nicolae_vaults_network_quincunx_subvault,
          nicolae_vaults_network_quincunx_subvault,
          nicolae_vaults_network_quincunx_subvault], v_misc_15,
          grunt_vaults_diagonal, nicolae_vaults_little_squares_3, st_cross,
          v_misc_12, vaults_room_grunt_arrival_ludios, vaults_room_pool,
          nicolae_vaults_theta, nicolae_vaults_three_branches, v_misc_19,
          v_misc_22, grunt_vaults_hallway_short,
          nicolae_vaults_yaktaur_gun_rack, layout_vaults_ring, serial_shops,
          nicolae_shop_trees
Vaults:2: ontoclasm_vaults_pinch, vaults_room_fours, st_diamondy,
          nicolae_vaults_little_squares_6, nicolae_vaults_little_squares_2,
          vaults_dpeg_ring, ontoclasm_vaults_ring_small, vaults_room_corners,
          vaults_dpeg_diagonal, layout_vaults_omnigrid
Vaults:3: minmay_crypt_entry_simple_plaza, v_misc_1, grunt_vaults_focal,
          vaults_standard_mumra_lines, nicolae_vaults_border_crossing,
          v_misc_16, nicolae_vaults_little_squares_6, v_misc_16, v_rooms_3,
          v_misc_28, vaults_mumra_minichess, v_alt_pattern_4,
          layout_vaults_maze_snakey, serial_shops,
          nicolae_shop_competitors_out_of_business, uniq_bai_suzhen,
          uniq_mennas, uniq_jory
Vaults:4: v_rooms_1, nicolae_vaults_big_ls, vaults_room_pools, v_misc_12,
          vaults_room_door_hall, nicolae_vaults_asterisk,
          nicolae_vaults_little_squares_1, nicolae_vaults_shelves_hall,
          v_misc_11, vaults_dpeg_encased_lava, nicolae_vaults_little_squares_3,
          layout_vaults_big_room, uniq_sojobo

Skill      XL: |  1  2  3  4  5  6  7  8  9 10 11 12 13 14 15 16 17 18 19 20 |
---------------+-------------------------------------------------------------+-----
Fighting       | 4 6 7 9 10 11 12 13 15 16 17 18 19 20 | 20.6
Axes           | 4 6 7 9 10 16 17 18 19 20 | 20.0
Armour         | 4 7 9 11 12 14 15 16 17 18 | 18.5
Evocations     | 2 4 6 8 9 11 12 13 14 | 14.7
Shields        | 3 4 |  4.0
Crossbows      | 4 7 9 10 12 14 16 17 | 17.1
Dodging        | 3 6 8 10 11 12 | 12.8

Action                   |  1- 3 |  4- 6 |  7- 9 | 10-12 | 13-15 | 16-18 | 19-21 || total
-------------------------+-------+-------+-------+-------+-------+-------+-------++-------
Melee: Hand axe          |    71 |    90 |   269 |    95 |       |       |       ||   525
       Headbutt          |     7 |    14 |    60 |   105 |   251 |   295 |   172 ||   904
       Broad axe         |       |       |       |    96 |       |       |       ||    96
       Executioner's axe |       |       |       |   152 |       |       |       ||   152
       War axe           |       |       |       |       |   808 |   953 |   500 ||  2261
 Fire: Hand crossbow     |       |       |       |       |     5 |    33 |       ||    38
Invok: Berserk           |     1 |     4 |     3 |    11 |    22 |    23 |     8 ||    72
       Trog's Hand       |       |       |     1 |       |     3 |     4 |     1 ||     9
       Brothers in Arms  |       |       |       |       |     6 |    15 |     5 ||    26
Evoke: Wand              |       |       |       |       |     7 |    26 |     4 ||    37
       Condenser vane    |       |       |       |       |     1 |     5 |     6 ||    12
       Tin of tremorston |       |       |       |       |       |     3 |     7 ||    10
       Phial of floods   |       |       |       |       |       |     1 |       ||     1
       Box of beasts     |       |       |       |       |       |       |     5 ||     5
  Use: Scroll            |     1 |     6 |     8 |     7 |    12 |    11 |     3 ||    48
       Potion            |       |       |     5 |     4 |     5 |     3 |     6 ||    23
 Stab: Distracted        |       |       |       |       |     1 |       |     3 ||     4
       Confused          |       |       |       |       |       |     1 |       ||     1
Armor: Animal skin       |     5 |       |       |       |       |       |       ||     5
       Scale mail        |     5 |    52 |    85 |       |   233 |   465 |   170 ||  1010
       Ring mail         |       |       |       |   100 |       |       |       ||   100
Dodge: Dodged            |    35 |    59 |   111 |   145 |   205 |   554 |   206 ||  1315
Block: Other             |       |       |       |    53 |       |       |       ||    53
       Reflection        |       |       |       |     1 |    28 |    32 |    39 ||   100
       Buckler           |       |       |       |    32 |   452 |   609 |   251 ||  1344

Table legend: (Time is in decaauts)
 A = Elapsed time spent in this place.
 B = Non-inter-level travel time spent in this place.
 C = Inter-level travel time spent in this place.
 D = Time resting spent in this place.
 E = Time spent auto-exploring this place.
 F = Levels seen in this place.
 G = Mean time per level.
                   A        B        C        D        E       F      G
               +--------+--------+--------+--------+--------+-----+--------+
         Total |  47395 |  44615 |   2780 |  12513 |  24816 |  39 | 1215.3 |
       Dungeon |  17975 |  17124 |    851 |   4810 |  10074 |  15 | 1198.3 |
          Lair |  10382 |   9495 |    887 |   2174 |   6214 |   6 | 1730.3 |
         Swamp |   3525 |   3305 |    220 |   1064 |   1363 |   4 |  881.2 |
   Spider Nest |   5627 |   5109 |    518 |   1329 |   2711 |   4 | 1406.8 |
  Orcish Mines |   1990 |   1830 |    160 |     34 |   1452 |   2 |  995.0 |
   Elven Halls |      2 |      2 |      0 |      0 |      0 |   1 |    2.0 |
        Vaults |   5525 |   5383 |    142 |   1781 |   2583 |   4 | 1381.2 |
         Trove |     76 |     76 |      0 |      0 |      0 |   1 |   76.0 |
      Ice Cave |   1505 |   1505 |      0 |    901 |    254 |   1 | 1505.0 |
      Gauntlet |    782 |    782 |      0 |    417 |    163 |   1 |  782.0 |
               +--------+--------+--------+--------+--------+-----+--------+

Top non-repeatable levels by time:
  Lair:6: 2652 daAuts
Vaults:1: 2632 daAuts
Spider:3: 2388 daAuts
  Lair:2: 2041 daAuts
     D:5: 2016 daAuts
    D:11: 1956 daAuts
     D:6: 1874 daAuts
 Swamp:4: 1841 daAuts
    D:10: 1730 daAuts
  Lair:1: 1722 daAuts
     D:2: 1572 daAuts
     D:3: 1540 daAuts
   IceCv: 1505 daAuts
  Lair:5: 1475 daAuts
Vaults:3: 1405 daAuts
